Pick #1

Connor Bedard
Pick #2

Leo Carlsson
Pick #3

Adam Fantilli
Pick #4

Matvei Michkov
Pick #5

David Reinbacher
Pick #6

William Smith
Pick #7

Zachary Benson
Pick #8

Ryan Leonard
Pick #9

Gabriel Perreault
Pick #10

Axel Sandin-Pellika
Pick #11

Daniil But
Pick #12

Dalibor Dvorsky
Pick #13

Quentin Musty
Pick #14

Brayden Yager
Pick #15

Dmitry Simashev
Pick #16

Colby Barlow
Pick #17

Andrew Cristall
Pick #18

Easton Cowan
Pick #19

Jacob Fowler
Pick #20

Oliver Moore
Pick #21

Oliver Bonk
Pick #22

Tom Willander
Pick #23

Calum Ritchie
Pick #24

Tanner Molendyk
Pick #25

Gavin Brindley
Pick #26

Nate Danielson
Pick #27

Pick #28

Pick #29

Pick #30

Pick #31

Pick #32

Pick #33

Pick #34

Pick #35

Pick #36

Pick #37

Pick #38

Pick #39

Pick #40

Pick #41

Pick #42

Pick #43

Pick #44

Pick #45

Pick #46

Pick #47

Pick #48

Pick #49

Pick #50

Pick #51

Pick #52

Pick #53

Pick #54

Pick #55

Pick #56

Pick #57

Pick #58

Pick #59

Pick #60

Pick #61

Pick #62

Pick #63

Pick #64

Pick #65

Pick #66

Pick #67

Pick #68

Pick #69

Pick #70

Pick #71

Pick #72

Pick #73

Pick #74

Pick #75

Pick #76

Pick #77

Pick #78

Pick #79

Pick #80

Pick #81

Pick #82

Pick #83

Pick #84

Pick #85

Pick #86

Pick #87

Pick #88

Pick #89

Pick #90

Pick #91

Pick #92

Pick #93

Pick #94

Pick #95

Pick #96

Pick #97

Pick #98

Pick #99

Pick #100

Pick #101

Pick #102

Pick #103

Pick #104

Pick #105

Pick #106

Pick #107

Pick #108

Pick #109

Pick #110

Pick #111

Pick #112

Pick #113

Pick #114

Pick #115

Pick #116

Pick #117

Pick #118

Pick #119

Pick #120

Pick #121

Pick #122

Pick #123

Pick #124

Pick #125

Pick #126

Pick #127

Pick #128

Pick #129

Pick #130

Full Scoreboard »»

Canucks vs Golden Knights (R4)

Created - January 11, 2024 at 20:24

Goals
1 2 3 T
Canucks 1 1 0 2
Golden Knights 1 0 0 1
Shots
1 2 3 T
Canucks 6 6 11 23
Golden Knights 12 7 7 26

GoalsPenalties
1st period
1. Golden Knights , Mark Stone 15 (Artemi Panarin 17, Miro Heiskanen 22) at 0:18
2. Canucks , Conor Garland 4 (Mitch Marner 21, Morgan Rielly 19) at 1:29 (PP)
Travis Hamonic (VGK) for High sticking (Minor) at 0:49
Miro Heiskanen (VGK) for Tripping (Minor) at 1:03
Brayden Point (VAN) for Tripping (Minor) at 14:00
2nd period
3. Canucks , Bowen Byram 6 (Mitch Marner 22, Morgan Rielly 20) at 15:52
Jason Zucker (VAN) for Interference (Minor) at 3:08
Nathan MacKinnon (VGK) for Interference (Minor) at 16:33
3rd period
No Goal
Jakob Chychrun (VGK) for Holding (Minor) at 6:41
Marcus Foligno (VGK) for Hooking (Minor) at 14:57
Mathew Barzal (VAN) for Elbowing (Minor) at 16:44
Goalie Stats
Jeremy Swayman (VAN), 25 saves from 26 shots - (0.962), W, 15-8-3, 60:00 minutes
Ilya Samsonov (VGK), 21 saves from 23 shots - (0.913), L, 16-12-6, 59:08 minutes
3 StarsOfficial
1 - Bowen Byram (VAN)
2 - Morgan Rielly (VAN)
3 - Mark Stone (VGK)
Referees : TJ Luxmore and Dan O'Halloran
Linesman : Brian Murphy and Matt MacPherson
Game Note
No Game Note
Finance
Level 1 -- Attendance: 5821 (89.55%) -- Ticket Income $640,310
Level 2 -- Attendance: 5000 (100.00%) -- Ticket Income $410,000
Level 3 -- Attendance: 3138 (89.66%) -- Ticket Income $197,694
Level 4 -- Attendance: 3007 (85.02%) -- Ticket Income $60,140
Luxury Box -- Attendance: 956 (95.60%) -- Ticket Income $215,100
Game was played at the T-Mobile Arena.
Total Attendance: 17922 (91.73%)
Total Ticket Income: $1,523,244
Other Income: $380,811
Total Income: $1,904,055



Team Name Goals Shots Shots Attemp Shots Blocked PIM HIT PP PK FO%
Canucks 2234586211 / 5 (20%)051%
Golden Knights 12652610370 / 3 (0%)149%

Canucks
Player Name POS G A P +/- PIM HIT SHT SB MP PP MP PP SHT PK MP PK SHT FO% FOT
Alec MartinezD0000000113:220:0000:0000% 0
Alex NewhookC000000105:250:0000:0000% 0
Boone JennerC0000022217:374:1413:41062% 13
Bowen ByramD1010051123:384:1402:3900% 0
Brayden PointC000-1205020:314:0910:00054% 24
Cody GlassC000000105:500:0000:0000% 4
Conor GarlandRW101003309:344:0910:0000% 0
J.J. MoserD0000000118:490:0002:3900% 0
Jason ZuckerLW0001231014:460:0000:0000% 0
Kevin HayesC000000009:170:0000:0000% 0
Marcus JohanssonLW0000001011:210:0002:04050% 4
Martin NecasC000-1001020:123:4910:0000% 0
Mathew BarzalC000-1201019:593:4800:000100% 1
Mitch MarnerC/LW/RW0221002021:254:0902:0400% 1
Morgan RiellyD0220041123:353:4413:0600% 0
Ryan Nugent-HopkinsC0001003022:173:4913:41052% 27
Samuel GirardD0000020123:003:4403:0600% 0
Ty SmithD0000020113:220:0000:0000% 0
Golden Knights
Player Name POS G A P +/- PIM HIT SHT SB MP PP MP PP SHT PK MP PK SHT FO% FOT
Adam BoqvistD0000000020:522:2301:3500% 0
Artemi PanarinLW0111011021:412:3900:470100% 1
Derek GrantC000000007:470:0002:3200% 3
Jack RoslovicC0000005016:363:0610:0000% 0
Jake EvansC0000000014:000:0001:4100% 1
Jakob ChychrunD0000231021:052:2311:4900% 0
Kirby DachC000-1001012:230:0000:00040% 10
Marcus FolignoLW000-1281013:590:0004:04033% 3
Mark StoneRW1011045022:032:3901:21050% 2
Mattias JanmarkC000000000:000:0000:0000% 0
Miro HeiskanenD0110222425:453:2224:0400% 0
Nathan MacKinnonC0001265021:082:3900:00055% 22
Rafael Harvey-PinardLW000-100109:560:0000:000100% 1
T.J. OshieRW0000023016:363:0600:000100% 2
Tomas HertlC0000001121:413:0605:05048% 29
Travis HamonicD0000260014:020:0002:5900% 0
Vladislav NamestnikovC000002004:360:0000:0000% 0
Zach WerenskiD0000030127:093:2205:2800% 0



Play-by-Play

1st period


0:01 of 1st period - Nathan MacKinnon wins face-off versus Brayden Point in neutral zone.
0:09 of 1st period - Nathan MacKinnon is hit by Bowen Byram and loses puck.
0:16 of 1st period - Shot by Artemi Panarin.
0:16 of 1st period - Shot Misses the Net.
0:18 of 1st period - Shot by Mark Stone.
0:18 of 1st period - Goal by Mark Stone - Canucks : 0 - Golden Knights : 1.
0:19 of 1st period - Ryan Nugent-Hopkins wins face-off versus Tomas Hertl in neutral zone.
0:34 of 1st period - Shot by Ryan Nugent-Hopkins.
0:34 of 1st period - Shot Misses the Net.
0:42 of 1st period - Shot by Ryan Nugent-Hopkins.
0:42 of 1st period - Stopped by Ilya Samsonov without a rebound.
0:43 of 1st period - Boone Jenner wins face-off versus Marcus Foligno in Golden Knights zone.
0:49 of 1st period - Minor Penalty to Travis Hamonic for High sticking.
0:50 of 1st period - Brayden Point wins face-off versus Tomas Hertl in Golden Knights zone.
0:50 of 1st period - Brayden Point is hit by Miro Heiskanen.
1:03 of 1st period - Minor Penalty to Miro Heiskanen for Tripping.
1:04 of 1st period - Ryan Nugent-Hopkins wins face-off versus Derek Grant in Golden Knights zone.
1:09 of 1st period - Shot by Ryan Nugent-Hopkins.
1:09 of 1st period - Stopped by Ilya Samsonov without a rebound.
1:10 of 1st period - Brayden Point wins face-off versus Derek Grant in Golden Knights zone.
1:27 of 1st period - Shot by Mitch Marner.
1:27 of 1st period - Shot Hit the Post.
1:29 of 1st period - Shot by Conor Garland.
1:29 of 1st period - Goal by Conor Garland - Canucks : 1 - Golden Knights : 1.
1:30 of 1st period - Tomas Hertl wins face-off versus Ryan Nugent-Hopkins in neutral zone.
1:45 of 1st period - Icing by Boone Jenner.
1:46 of 1st period - Tomas Hertl wins face-off versus Ryan Nugent-Hopkins in Canucks zone.
2:13 of 1st period - Icing by Ryan Nugent-Hopkins.
2:14 of 1st period - Tomas Hertl wins face-off versus Ryan Nugent-Hopkins in Canucks zone.
2:14 of 1st period - Zach Werenski is hit by Bowen Byram and loses puck.
2:18 of 1st period - Marcus Foligno is hit by Boone Jenner and loses puck.
2:43 of 1st period - Shot by Adam Boqvist.
2:43 of 1st period - Shot Blocked by Boone Jenner.
3:33 of 1st period - Shot by Cody Glass.
3:33 of 1st period - Stopped by Ilya Samsonov without a rebound.
3:34 of 1st period - T.J. Oshie wins face-off versus Ryan Nugent-Hopkins in Golden Knights zone.
5:03 of 1st period - Morgan Rielly is hit by Mark Stone and loses puck.
5:13 of 1st period - Conor Garland is hit by Marcus Foligno.
5:28 of 1st period - Martin Necas is hit by Travis Hamonic and loses puck.
5:31 of 1st period - Shot by Mathew Barzal.
5:31 of 1st period - Shot Misses the Net.
5:33 of 1st period - Shot by Martin Necas.
5:33 of 1st period - Shot Misses the Net.
5:46 of 1st period - Mathew Barzal is hit by Travis Hamonic and loses puck.
5:50 of 1st period - Mathew Barzal is hit by Travis Hamonic and loses puck.
5:58 of 1st period - Mathew Barzal is hit by Travis Hamonic and loses puck.
6:25 of 1st period - Samuel Girard is hit by Travis Hamonic and loses puck.
6:40 of 1st period - Marcus Johansson is hit by T.J. Oshie and loses puck.
7:05 of 1st period - Shot by Tomas Hertl.
7:05 of 1st period - Shot Blocked by Boone Jenner.
7:07 of 1st period - Shot by Jack Roslovic.
7:07 of 1st period - Stopped by Jeremy Swayman without a rebound.
7:08 of 1st period - Nathan MacKinnon wins face-off versus Ryan Nugent-Hopkins in Canucks zone.
7:31 of 1st period - Shot by Nathan MacKinnon.
7:31 of 1st period - Stopped by Jeremy Swayman without a rebound.
7:32 of 1st period - Tomas Hertl wins face-off versus Brayden Point in Canucks zone.
7:32 of 1st period - Tomas Hertl is hit by Ty Smith.
7:42 of 1st period - Shot by Brayden Point.
7:42 of 1st period - Stopped by Ilya Samsonov with a rebound.
8:15 of 1st period - Icing by Zach Werenski.
8:16 of 1st period - Tomas Hertl wins face-off versus Ryan Nugent-Hopkins in Golden Knights zone.
8:26 of 1st period - Icing by Jack Roslovic.
8:27 of 1st period - Tomas Hertl wins face-off versus Boone Jenner in Golden Knights zone.
8:36 of 1st period - Shot by Jack Roslovic.
8:36 of 1st period - Stopped by Jeremy Swayman without a rebound.
8:37 of 1st period - Ryan Nugent-Hopkins wins face-off versus Mark Stone in Canucks zone.
8:37 of 1st period - Ryan Nugent-Hopkins is hit by Nathan MacKinnon.
8:51 of 1st period - Shot by Nathan MacKinnon.
8:51 of 1st period - Shot Misses the Net.
9:03 of 1st period - Shot by Artemi Panarin.
9:03 of 1st period - Deflect By Nathan MacKinnon.
9:03 of 1st period - Shot Blocked by Bowen Byram.
9:09 of 1st period - Shot by Nathan MacKinnon.
9:09 of 1st period - Shot Blocked by Morgan Rielly.
9:13 of 1st period - Shot by Mark Stone.
9:13 of 1st period - Stopped by Jeremy Swayman without a rebound.
9:14 of 1st period - Brayden Point wins face-off versus Jake Evans in Canucks zone.
9:14 of 1st period - Brayden Point is hit by Vladislav Namestnikov.
9:34 of 1st period - Shot by Brayden Point.
9:34 of 1st period - Shot Blocked by Miro Heiskanen.
9:36 of 1st period - Shot by Mathew Barzal.
9:36 of 1st period - Shot Misses the Net.
9:52 of 1st period - J.J. Moser is hit by Vladislav Namestnikov and loses puck.
10:14 of 1st period - Samuel Girard is hit by Marcus Foligno and loses puck.
10:24 of 1st period - Samuel Girard is hit by Marcus Foligno and loses puck.
12:30 of 1st period - Off-side.
12:31 of 1st period - Kirby Dach wins face-off versus Cody Glass in neutral zone.
12:39 of 1st period - Icing by J.J. Moser.
12:40 of 1st period - Nathan MacKinnon wins face-off versus Cody Glass in Canucks zone.
12:41 of 1st period - Shot by Artemi Panarin.
12:41 of 1st period - Shot Misses the Net.
12:46 of 1st period - Samuel Girard is hit by Nathan MacKinnon and loses puck.
13:17 of 1st period - Shot by Mark Stone.
13:17 of 1st period - Shot Misses the Net.
13:46 of 1st period - Martin Necas is hit by Zach Werenski and loses puck.
14:00 of 1st period - Minor Penalty to Brayden Point for Tripping.
14:01 of 1st period - Tomas Hertl wins face-off versus Boone Jenner in Canucks zone.
14:16 of 1st period - Shot by Zach Werenski.
14:16 of 1st period - Shot Misses the Net.
14:21 of 1st period - Jack Roslovic is hit by Bowen Byram and loses puck.
14:34 of 1st period - Shot by Miro Heiskanen.
14:34 of 1st period - Stopped by Jeremy Swayman without a rebound.
14:35 of 1st period - Marcus Johansson wins face-off versus Nathan MacKinnon in Canucks zone.
14:35 of 1st period - Marcus Johansson is hit by Nathan MacKinnon.
15:13 of 1st period - Ryan Nugent-Hopkins is hit by Mark Stone and loses puck.
15:30 of 1st period - Off-side.
15:31 of 1st period - Marcus Johansson wins face-off versus Tomas Hertl in neutral zone.
15:48 of 1st period - Shot by Jack Roslovic.
15:48 of 1st period - Stopped by Jeremy Swayman with a rebound.
16:06 of 1st period - Shot by Marcus Foligno.
16:06 of 1st period - Stopped by Jeremy Swayman without a rebound.
16:07 of 1st period - Brayden Point wins face-off versus Kirby Dach in Canucks zone.
16:18 of 1st period - Icing by Martin Necas.
16:19 of 1st period - Mark Stone wins face-off versus Brayden Point in Canucks zone.
16:20 of 1st period - Shot by Nathan MacKinnon.
16:20 of 1st period - Stopped by Jeremy Swayman without a rebound.
16:21 of 1st period - Nathan MacKinnon wins face-off versus Brayden Point in Canucks zone.
16:38 of 1st period - Shot by Brayden Point.
16:38 of 1st period - Stopped by Ilya Samsonov without a rebound.
16:39 of 1st period - Boone Jenner wins face-off versus Tomas Hertl in Golden Knights zone.
16:56 of 1st period - Shot by T.J. Oshie.
16:56 of 1st period - Stopped by Jeremy Swayman without a rebound.
16:57 of 1st period - Ryan Nugent-Hopkins wins face-off versus Nathan MacKinnon in Canucks zone.
17:09 of 1st period - Nathan MacKinnon is hit by Jason Zucker and loses puck.
17:13 of 1st period - Off-side.
17:14 of 1st period - Tomas Hertl wins face-off versus Brayden Point in neutral zone.
17:31 of 1st period - Shot by Jack Roslovic.
17:31 of 1st period - Stopped by Jeremy Swayman without a rebound.
17:32 of 1st period - Boone Jenner wins face-off versus Nathan MacKinnon in Canucks zone.
17:55 of 1st period - Artemi Panarin is hit by Bowen Byram and loses puck.
18:02 of 1st period - Shot by Mark Stone.
18:02 of 1st period - Shot Misses the Net.
18:09 of 1st period - Morgan Rielly is hit by Nathan MacKinnon and loses puck.
18:13 of 1st period - Off-side.
18:14 of 1st period - Tomas Hertl wins face-off versus Ryan Nugent-Hopkins in neutral zone.
19:06 of 1st period - Icing by Jakob Chychrun.
19:07 of 1st period - T.J. Oshie wins face-off versus Brayden Point in Golden Knights zone.
19:21 of 1st period - Nathan MacKinnon is hit by Morgan Rielly and loses puck.
19:39 of 1st period - Shot by Mark Stone.
19:39 of 1st period - Shot Misses the Net.
19:41 of 1st period - Shot by Zach Werenski.
19:41 of 1st period - Shot Misses the Net.
19:49 of 1st period - Shot by Nathan MacKinnon.
19:49 of 1st period - Stopped by Jeremy Swayman without a rebound.
19:50 of 1st period - Boone Jenner wins face-off versus Kirby Dach in Canucks zone.
19:54 of 1st period - Ty Smith is hit by Travis Hamonic and loses puck.
Goals for this period are 1 for Canucks vs 1 for Golden Knights.
Shots for this period are 6 for Canucks vs 12 for Golden Knights.

2nd period


0:01 of 2nd period - Brayden Point wins face-off versus Nathan MacKinnon in neutral zone.
0:33 of 2nd period - Icing by Miro Heiskanen.
0:34 of 2nd period - Artemi Panarin wins face-off versus Ryan Nugent-Hopkins in Golden Knights zone.
0:53 of 2nd period - Shot by Ryan Nugent-Hopkins.
0:53 of 2nd period - Shot Misses the Net.
1:13 of 2nd period - Shot by Mitch Marner.
1:13 of 2nd period - Shot Misses the Net.
1:29 of 2nd period - Miro Heiskanen is hit by Boone Jenner and loses puck.
2:09 of 2nd period - Shot by Jack Roslovic.
2:09 of 2nd period - Deflect By Tomas Hertl.
2:09 of 2nd period - Stopped by Jeremy Swayman without a rebound.
2:10 of 2nd period - Brayden Point wins face-off versus Kirby Dach in Canucks zone.
2:10 of 2nd period - Brayden Point is hit by Marcus Foligno.
2:29 of 2nd period - Mathew Barzal is hit by Marcus Foligno and loses puck.
2:37 of 2nd period - Mathew Barzal is hit by Jakob Chychrun and loses puck.
3:03 of 2nd period - Icing by Adam Boqvist.
3:04 of 2nd period - Rafael Harvey-Pinard wins face-off versus Ryan Nugent-Hopkins in Golden Knights zone.
3:08 of 2nd period - Minor Penalty to Jason Zucker for Interference.
3:09 of 2nd period - Boone Jenner wins face-off versus Tomas Hertl in Canucks zone.
3:24 of 2nd period - Shot by Miro Heiskanen.
3:24 of 2nd period - Stopped by Jeremy Swayman without a rebound.
3:25 of 2nd period - Boone Jenner wins face-off versus Nathan MacKinnon in Canucks zone.
3:43 of 2nd period - Nathan MacKinnon is hit by Morgan Rielly and loses puck.
3:47 of 2nd period - Artemi Panarin is hit by Morgan Rielly and loses puck.
3:53 of 2nd period - Artemi Panarin is hit by Samuel Girard and loses puck.
6:05 of 2nd period - Shot by Alex Newhook.
6:05 of 2nd period - Stopped by Ilya Samsonov with a rebound.
6:19 of 2nd period - Shot by Conor Garland.
6:19 of 2nd period - Stopped by Ilya Samsonov without a rebound.
6:20 of 2nd period - Nathan MacKinnon wins face-off versus Ryan Nugent-Hopkins in Golden Knights zone.
6:33 of 2nd period - Shot by Mark Stone.
6:33 of 2nd period - Stopped by Jeremy Swayman with a rebound.
6:35 of 2nd period - Shot by Mark Stone.
6:35 of 2nd period - Stopped by Jeremy Swayman with a rebound.
6:37 of 2nd period - Shot by Zach Werenski.
6:37 of 2nd period - Shot Blocked by Samuel Girard.
7:56 of 2nd period - Kevin Hayes is hit by T.J. Oshie and loses puck.
9:13 of 2nd period - Shot by Nathan MacKinnon.
9:13 of 2nd period - Shot Misses the Net.
9:26 of 2nd period - Miro Heiskanen is hit by Samuel Girard and loses puck.
10:53 of 2nd period - Kevin Hayes is hit by Jakob Chychrun and loses puck.
11:29 of 2nd period - Brayden Point is hit by Marcus Foligno and loses puck.
11:44 of 2nd period - Shot by Mathew Barzal.
11:44 of 2nd period - Stopped by Ilya Samsonov with a rebound.
11:54 of 2nd period - Shot by Rafael Harvey-Pinard.
11:54 of 2nd period - Shot Misses the Net.
11:56 of 2nd period - Shot by Rafael Harvey-Pinard.
11:56 of 2nd period - Shot Misses the Net.
11:58 of 2nd period - Shot by Jake Evans.
11:58 of 2nd period - Shot Misses the Net.
13:59 of 2nd period - Icing by Marcus Foligno.
14:00 of 2nd period - Ryan Nugent-Hopkins wins face-off versus Marcus Foligno in Golden Knights zone.
14:00 of 2nd period - Mitch Marner is hit by Zach Werenski.
14:24 of 2nd period - Shot by Jack Roslovic.
14:24 of 2nd period - Stopped by Jeremy Swayman without a rebound.
14:25 of 2nd period - Nathan MacKinnon wins face-off versus Boone Jenner in Canucks zone.
14:25 of 2nd period - Jakob Chychrun is hit by Ty Smith and loses puck.
14:34 of 2nd period - Shot by Nathan MacKinnon.
14:34 of 2nd period - Shot Blocked by Alec Martinez.
14:46 of 2nd period - Shot by Artemi Panarin.
14:46 of 2nd period - Shot Misses the Net.
15:02 of 2nd period - Shot by Nathan MacKinnon.
15:02 of 2nd period - Stopped by Jeremy Swayman without a rebound.
15:03 of 2nd period - Tomas Hertl wins face-off versus Ryan Nugent-Hopkins in Canucks zone.
15:12 of 2nd period - Shot by Jason Zucker.
15:12 of 2nd period - Stopped by Ilya Samsonov without a rebound.
15:13 of 2nd period - Ryan Nugent-Hopkins wins face-off versus Kirby Dach in Golden Knights zone.
15:50 of 2nd period - Shot by Mitch Marner.
15:50 of 2nd period - Shot Blocked by Miro Heiskanen.
15:52 of 2nd period - Shot by Bowen Byram.
15:52 of 2nd period - Goal by Bowen Byram - Canucks : 2 - Golden Knights : 1.
15:53 of 2nd period - Boone Jenner wins face-off versus Nathan MacKinnon in neutral zone.
15:53 of 2nd period - Boone Jenner is hit by Mark Stone.
15:56 of 2nd period - Kevin Hayes is hit by Nathan MacKinnon and loses puck.
16:23 of 2nd period - Boone Jenner is hit by Artemi Panarin and loses puck.
16:33 of 2nd period - Minor Penalty to Nathan MacKinnon for Interference.
16:34 of 2nd period - Tomas Hertl wins face-off versus Brayden Point in Golden Knights zone.
17:26 of 2nd period - Travis Hamonic is hit by Conor Garland and loses puck.
18:12 of 2nd period - Off-side.
18:13 of 2nd period - Ryan Nugent-Hopkins wins face-off versus Derek Grant in neutral zone.
19:08 of 2nd period - Shot by Mark Stone.
19:08 of 2nd period - Stopped by Jeremy Swayman without a rebound.
19:09 of 2nd period - Kirby Dach wins face-off versus Ryan Nugent-Hopkins in Canucks zone.
19:29 of 2nd period - Shot by Mitch Marner.
19:29 of 2nd period - Deflect By Ryan Nugent-Hopkins.
19:29 of 2nd period - Stopped by Ilya Samsonov without a rebound.
19:30 of 2nd period - Brayden Point wins face-off versus Tomas Hertl in Golden Knights zone.
19:43 of 2nd period - Shot by Brayden Point.
19:43 of 2nd period - Shot Blocked by Tomas Hertl.
Goals for this period are 1 for Canucks vs 0 for Golden Knights.
Shots for this period are 6 for Canucks vs 7 for Golden Knights.

3rd period


0:01 of 3rd period - Nathan MacKinnon wins face-off versus Mitch Marner in neutral zone.
0:08 of 3rd period - Shot by Artemi Panarin.
0:08 of 3rd period - Stopped by Jeremy Swayman without a rebound.
0:09 of 3rd period - Ryan Nugent-Hopkins wins face-off versus Nathan MacKinnon in Canucks zone.
0:11 of 3rd period - Morgan Rielly is hit by Nathan MacKinnon and loses puck.
0:45 of 3rd period - Miro Heiskanen is hit by Jason Zucker and loses puck.
1:42 of 3rd period - Shot by T.J. Oshie.
1:42 of 3rd period - Shot Misses the Net.
2:53 of 3rd period - Shot by Boone Jenner.
2:53 of 3rd period - Stopped by Ilya Samsonov without a rebound.
2:54 of 3rd period - Nathan MacKinnon wins face-off versus Cody Glass in Golden Knights zone.
2:54 of 3rd period - Nathan MacKinnon is hit by Conor Garland.
3:24 of 3rd period - Shot by Conor Garland.
3:24 of 3rd period - Stopped by Ilya Samsonov without a rebound.
3:25 of 3rd period - Ryan Nugent-Hopkins wins face-off versus Tomas Hertl in Golden Knights zone.
3:30 of 3rd period - Shot by Mitch Marner.
3:30 of 3rd period - Stopped by Ilya Samsonov without a rebound.
3:31 of 3rd period - Ryan Nugent-Hopkins wins face-off versus Tomas Hertl in Golden Knights zone.
3:38 of 3rd period - Shot by Mitch Marner.
3:38 of 3rd period - Stopped by Ilya Samsonov with a rebound.
4:10 of 3rd period - Shot by Tomas Hertl.
4:10 of 3rd period - Shot Misses the Net.
4:33 of 3rd period - Off-side.
4:34 of 3rd period - Kirby Dach wins face-off versus Brayden Point in neutral zone.
5:00 of 3rd period - Off-side.
5:01 of 3rd period - Nathan MacKinnon wins face-off versus Marcus Johansson in neutral zone.
5:36 of 3rd period - Shot by Kevin Hayes.
5:36 of 3rd period - Shot Misses the Net.
6:09 of 3rd period - Icing by Jack Roslovic.
6:10 of 3rd period - Ryan Nugent-Hopkins wins face-off versus Tomas Hertl in Golden Knights zone.
6:29 of 3rd period - T.J. Oshie is hit by Jason Zucker and loses puck.
6:41 of 3rd period - Minor Penalty to Jakob Chychrun for Holding.
6:42 of 3rd period - Brayden Point wins face-off versus Tomas Hertl in Golden Knights zone.
6:42 of 3rd period - Conor Garland is hit by Zach Werenski and loses puck.
6:55 of 3rd period - Shot by Brayden Point.
6:55 of 3rd period - Stopped by Ilya Samsonov without a rebound.
6:56 of 3rd period - Ryan Nugent-Hopkins wins face-off versus Tomas Hertl in Golden Knights zone.
7:03 of 3rd period - Shot by Ryan Nugent-Hopkins.
7:03 of 3rd period - Shot Misses the Net.
7:05 of 3rd period - Shot by Bowen Byram.
7:05 of 3rd period - Shot Misses the Net.
7:07 of 3rd period - Shot by Mathew Barzal.
7:07 of 3rd period - Shot Blocked by Miro Heiskanen.
7:09 of 3rd period - Shot by Boone Jenner.
7:09 of 3rd period - Stopped by Ilya Samsonov without a rebound.
7:10 of 3rd period - Marcus Foligno wins face-off versus Brayden Point in Golden Knights zone.
7:10 of 3rd period - Marcus Foligno is hit by Conor Garland.
7:17 of 3rd period - Icing by Brayden Point.
7:18 of 3rd period - Brayden Point wins face-off versus Tomas Hertl in Canucks zone.
7:18 of 3rd period - Brayden Point is hit by Marcus Foligno.
7:21 of 3rd period - Mitch Marner is hit by Marcus Foligno and loses puck.
7:29 of 3rd period - Mitch Marner is hit by Miro Heiskanen and loses puck.
9:56 of 3rd period - Off-side.
9:57 of 3rd period - Tomas Hertl wins face-off versus Ryan Nugent-Hopkins in neutral zone.
10:02 of 3rd period - Shot by Tomas Hertl.
10:02 of 3rd period - Deflect By T.J. Oshie.
10:02 of 3rd period - Stopped by Jeremy Swayman with a rebound.
11:13 of 3rd period - Off-side.
11:14 of 3rd period - Boone Jenner wins face-off versus Kirby Dach in neutral zone.
11:25 of 3rd period - Shot by Marcus Johansson.
11:25 of 3rd period - Stopped by Ilya Samsonov without a rebound.
11:26 of 3rd period - Nathan MacKinnon wins face-off versus Cody Glass in Golden Knights zone.
11:35 of 3rd period - Shot by Derek Grant.
11:35 of 3rd period - Shot Misses the Net.
11:40 of 3rd period - Off-side.
11:41 of 3rd period - Kirby Dach wins face-off versus Brayden Point in neutral zone.
11:52 of 3rd period - Shot by Rafael Harvey-Pinard.
11:52 of 3rd period - Stopped by Jeremy Swayman with a rebound.
12:16 of 3rd period - Shot by Mathew Barzal.
12:16 of 3rd period - Shot Misses the Net.
12:18 of 3rd period - Shot by Mathew Barzal.
12:18 of 3rd period - Deflect By Brayden Point.
12:18 of 3rd period - Stopped by Ilya Samsonov without a rebound.
12:19 of 3rd period - Ryan Nugent-Hopkins wins face-off versus Nathan MacKinnon in Golden Knights zone.
12:22 of 3rd period - Shot by Mitch Marner.
12:22 of 3rd period - Shot Blocked by Miro Heiskanen.
12:34 of 3rd period - Shot by Mark Stone.
12:34 of 3rd period - Shot Blocked by J.J. Moser.
12:52 of 3rd period - Shot by Nathan MacKinnon.
12:52 of 3rd period - Stopped by Jeremy Swayman without a rebound.
12:53 of 3rd period - Tomas Hertl wins face-off versus Boone Jenner in Canucks zone.
13:25 of 3rd period - Tomas Hertl is hit by Bowen Byram and loses puck.
13:34 of 3rd period - Shot by T.J. Oshie.
13:34 of 3rd period - Stopped by Jeremy Swayman without a rebound.
13:35 of 3rd period - Brayden Point wins face-off versus Nathan MacKinnon in Canucks zone.
13:35 of 3rd period - J.J. Moser is hit by Mark Stone and loses puck.
14:08 of 3rd period - Shot by Brayden Point.
14:08 of 3rd period - Stopped by Ilya Samsonov without a rebound.
14:09 of 3rd period - Ryan Nugent-Hopkins wins face-off versus Kirby Dach in Golden Knights zone.
14:21 of 3rd period - Mitch Marner is hit by Jakob Chychrun and loses puck.
14:46 of 3rd period - Shot by Kirby Dach.
14:46 of 3rd period - Stopped by Jeremy Swayman with a rebound.
14:48 of 3rd period - Shot by Rafael Harvey-Pinard.
14:48 of 3rd period - Shot Misses the Net.
14:50 of 3rd period - Shot by Rafael Harvey-Pinard.
14:50 of 3rd period - Deflect By Kirby Dach.
14:50 of 3rd period - Shot Blocked by Ty Smith.
14:57 of 3rd period - Minor Penalty to Marcus Foligno for Hooking.
14:58 of 3rd period - Brayden Point wins face-off versus Tomas Hertl in Golden Knights zone.
15:17 of 3rd period - Shot by Mitch Marner.
15:17 of 3rd period - Shot Misses the Net.
15:19 of 3rd period - Shot by Samuel Girard.
15:19 of 3rd period - Shot Blocked by Zach Werenski.
15:21 of 3rd period - Shot by Morgan Rielly.
15:21 of 3rd period - Stopped by Ilya Samsonov without a rebound.
15:22 of 3rd period - Mathew Barzal wins face-off versus Tomas Hertl in Golden Knights zone.
15:25 of 3rd period - Shot by Boone Jenner.
15:25 of 3rd period - Shot Misses the Net.
15:57 of 3rd period - Shot by Martin Necas.
15:57 of 3rd period - Stopped by Ilya Samsonov without a rebound.
15:58 of 3rd period - Brayden Point wins face-off versus Tomas Hertl in Golden Knights zone.
16:15 of 3rd period - Shot by Conor Garland.
16:15 of 3rd period - Shot Misses the Net.
16:35 of 3rd period - Shot by Brayden Point.
16:35 of 3rd period - Deflect By Mitch Marner.
16:35 of 3rd period - Shot Misses the Net.
16:44 of 3rd period - Minor Penalty to Mathew Barzal for Elbowing.
16:45 of 3rd period - Brayden Point wins face-off versus Nathan MacKinnon in Canucks zone.
16:55 of 3rd period - Off-side.
16:56 of 3rd period - Nathan MacKinnon wins face-off versus Brayden Point in neutral zone.
16:58 of 3rd period - Off-side.
16:59 of 3rd period - Tomas Hertl wins face-off versus Boone Jenner in neutral zone.
17:40 of 3rd period - Shot by Tomas Hertl.
17:40 of 3rd period - Shot Misses the Net.
17:42 of 3rd period - Shot by Jakob Chychrun.
17:42 of 3rd period - Stopped by Jeremy Swayman without a rebound.
17:43 of 3rd period - Nathan MacKinnon wins face-off versus Marcus Johansson in Canucks zone.
18:11 of 3rd period - Nathan MacKinnon is hit by Morgan Rielly and loses puck.
19:02 of 3rd period - Shot by Brayden Point.
19:02 of 3rd period - Shot Misses the Net.
19:08 of 3rd period - Golden Knights, Ilya Samsonov is pulled from the net.
Goals for this period are 0 for Canucks vs 0 for Golden Knights.
Shots for this period are 11 for Canucks vs 7 for Golden Knights.